Map: Kairos Junction LE

Players

cassius - Winner!

  • Race: Terran Terran
  • League: Diamond
  • Spawn Location: 11:00

pHARM

  • Race: Zerg Zerg
  • League: Platinum
  • Spawn Location: 5:00

VOD

Have the link to the VOD?

Description

Time

  • Played on: Aug. 5, 2019, 1:04 a.m.
  • Length: 7:43
Show
View Real Time Build Order
Export as new Build Order

cassius Terran - Winner!

Build Orders: Reaper Expand 

Get SALT Encoding   

  12  0:03  SCV  
  13  0:15  SCV  
  13  0:18  Supply Depot  
  14  0:27  SCV  
  15  0:39  SCV  
  15  0:41  Barracks  
  16  0:46  Refinery  
  16  0:51  SCV  
  17  1:03  SCV  
  18  1:16  SCV  
  19  1:28  Orbital Command  
  19  1:29  Reaper  
  20  1:45  Command Center  
  21  1:54  SCV  
  21  2:00  Barracks  
  21  2:05  Barracks Reactor  
  21  2:08  SCV  
  22  2:16  Supply Depot  
  22  2:19  Refinery  
  22  2:27  Factory  
  22  2:55  SCV  
  22  2:57  Marine x2  
  26  3:01  Orbital Command  
  26  3:04  Barracks Tech Lab  
  25  3:08  SCV  
  26  3:14  Marine  
  26  3:18  Starport  
  27  3:25  Stimpack  
  27  3:26  SCV  
  28  3:28  Marine x2  
  28  3:32  SCV  
  31  3:37  Starport  
  31  3:38  Factory Reactor  
  31  3:41  SCV  
  31  3:44  SCV, Marine  
  34  3:58  SCV  
  34  4:00  Marine x2  
  36  4:05  Marine  
  37  4:14  SCV  
  37  4:15  SCV  
  37  4:16  Supply Depot  
  39  4:18  Marine x2  
  39  4:23  Marine  
  42  4:25  Supply Depot  
  42  4:26  SCV  
  43  4:33  SCV  
  43  4:36  Marine x2  
  46  4:39  Widow Mine, Medivac  
  46  4:40  Marine, Medivac  
  53  4:47  Supply Depot  
  53  4:55  Barracks x2  
  53  5:00  SCV  
  53  5:01  SCV  
  53  5:02  Barracks  
  53  5:03  Marine x2  
  53  5:04  Marine  
  58  5:11  Supply Depot  
  58  5:13  SCV x2  
  60  5:17  Widow Mine  
  62  5:25  SCV  
  62  5:27  SCV  
  64  5:32  Marine x2  
  64  5:33  Marine, Supply Depot  
  67  5:37  SCV  
  67  5:38  Medivac  
  67  5:39  SCV, Medivac  
  73  5:43  Engineering Bay  
  73  5:47  Combat Shield  
  73  5:49  Barracks Reactor x3  
  73  6:15  Marine  
  73  6:16  Marine x2  
  73  6:17  Factory Tech Lab  
  76  6:32  SCV x2  
  78  6:33  Marine  
  78  6:34  Marauder  
  78  6:39  Refinery  
  81  6:40  Marine x5  
  81  6:41  Refinery  
  86  6:52  Command Center  
  86  6:54  Supply Depot x2  
  86  6:55  Supply Depot  
  86  6:56  Marine  
  86  6:57  Marine  
  86  7:16  Marauder  
Show
View Real Time Build Order
Export as new Build Order

pHARM Zerg 

Build Orders: Hatch First 

Get SALT Encoding   

  12  0:01  Drone  
  13  0:12  Overlord  
  13  0:20  Drone  
  14  0:30  Drone x2  
  16  0:37  Drone  
  17  0:55  Hatchery  
  16  1:03  Drone x2  
  18  1:17  Spawning Pool  
  18  1:18  Drone  
  18  1:19  Drone  
  19  1:49  Drone x2  
  19  1:52  Extractor  
  20  1:57  Overlord  
  20  2:14  Queen x2  
  20  2:15  Zergling x4  
  25  2:16  Drone  
  25  2:18  Spine Crawler  
  26  2:35  Extractor  
  26  2:48  Spore Crawler  
  25  2:56  Drone x6  
  32  3:13  Drone  
  32  3:14  Drone  
  34  3:23  Lair  
  34  3:27  Drone x2  
  34  3:29  Overlord x3  
  34  3:33  Evolution Chamber  
  35  3:45  Roach Warren  
  34  3:49  Evolution Chamber  
  34  3:51  Drone  
  34  3:52  Drone x5  
  38  3:59  Queen  
  38  4:00  Drone  
  38  4:01  Drone x5  
  46  4:21  Drone x3  
  49  4:24  Glial Reconstitution  
  49  4:26  Zerg Missile Weapons Level 1  
  49  4:36  Hatchery  
  48  4:42  Extractor  
  48  4:43  Extractor  
  46  4:54  Drone x8  
  54  5:12  Roach x3  
  60  5:14  Overlord x2  
  60  5:20  Overseer  
  60  5:26  Spore Crawler  
  59  5:41  Spore Crawler  
  58  5:45  Spore Crawler  
  58  5:46  Roach, Spore Crawler  
  58  5:47  Roach x9  
  76  5:50  Spore Crawler  
  75  6:29  Drone  
  75  6:30  Overlord  
  75  6:31  Overlord  
  75  6:55  Hatchery  
  74  7:10  Drone x11  
  74  7:15  Extractor  
Tags
 
Add a new tag
Caveats
  • Supply blocks, unpowered buildings, or Contaminate may cause inaccurate times.
  • Supply counts are checked every 10 seconds.